 Dungeon Crawl Stone Soup version 0.23-a0-303-gfcac5de (webtiles) character file.

400719 mhoghedin the Markscentaur (level 22, -3/202 HPs)
             Began as a Centaur Gladiator on Oct 7, 2018.
             Was the Champion of Zin.
             Slain by a titan (29 damage)
             ... on level 5 of the Vaults on Oct 8, 2018.
             The game lasted 02:11:21 (66542 turns).

mhoghedin the Markscentaur (Centaur Gladiator)     Turns: 66542, Time: 02:11:22

Health: -3/202     AC: 29    Str: 22    XL:     22   Next: 27%
Magic:  42/42      EV: 15    Int: 12    God:    Zin [******]
Gold:   2292       SH:  0    Dex: 21    Spells: 21/21 levels left

rFire    + + .     SeeInvis +     - Unarmed
rCold    + . .     Gourm    .   (no shield)
rNeg     + + +     Faith    .   Y - +2 scale mail of Lugonu's Esteem {-Cast rN+++ SInv Stlth+}
rPois    +         Spirit   .   M - +1 helmet of Summertime {*Contam rC+ SInv}
rElec    +         Reflect  +   O - +1 cloak {rPois}
rCorr    .         Harm     .   h - +2 pair of gloves {archery}
MR       .....     NoCast   +   k - +4 centaur barding
Stlth    ..........             T - +4 amulet of reflection
HPRegen  0.43/turn              S - ring of Naah Dau {rElec Int+5 Dex+5}
MPRegen  0.28/turn              l - ring "Qytsud" {rF++ MP+9}

@: confused, about to teleport, vulnerable, slowed
A: large, hooves 3, deformed body, speed 2, tough skin 3
}: 2/15 runes: barnacled, gossamer
a: Recite, Vitalisation, Imprison, Sanctuary, Donate Gold, Renounce Religion


You were on level 5 of the Vaults.
You worshipped Zin.
Zin was exalted by your worship.
You were full.

You visited 7 branches of the dungeon, and saw 38 of its levels.
You also visited: Sewer and Bailey.

You collected 3573 gold pieces.
You spent 924 gold pieces at shops.
You donated 357 gold pieces to Zin.

Inventory:

Hand Weapons
 b - a +9 longbow of flaming
   (You took it off Nessos on level 4 of the Lair of Beasts)
Missiles
 c - 14 throwing nets {=f, !d}
 g - 880 arrows
Armour
 h - a +2 pair of gloves of archery (worn)
   (You acquired it on level 1 of the Lair of Beasts)
 k - a +4 centaur barding (worn)
   (You took it off Nessos on level 4 of the Lair of Beasts)
 M - the +1 helmet of Summertime (worn) {*Contam rC+ SInv}
   (You found it on level 3 of the Vaults)

   It protects you from cold.
   It lets you see invisible.
   It causes magical contamination when unequipped.
 N - the +8 scale mail of Trog's Reproof {rF+ Dex+4}
   (You took it off a merfolk on level 4 of the Shoals)

   It affects your dexterity (+4).
   It protects you from fire.
 O - a +1 cloak of poison resistance (worn)
   (You found it on level 11 of the Dungeon)
 X - the cursed +0 hat of Shadows and Fog {*Contam +Inv Slay+2, unknown}
   (You found it on level 4 of the Vaults)

   It affects your accuracy and damage with ranged weapons and melee attacks
   (+2).
   It lets you turn invisible.
   It causes magical contamination when unequipped.
   It has a curse placed upon it.
 Y - the +2 scale mail of Lugonu's Esteem (worn) {-Cast rN+++ SInv Stlth+}
   (You found it on level 2 of the Vaults)

   It renders you almost immune to negative energy.
   It lets you see invisible.
   It prevents spellcasting.
   It makes you more stealthy.
Jewellery
 l - the ring "Qytsud" (right hand) {rF++ MP+9}
   (You found it on level 13 of the Dungeon)

   [ring of magical power]

   It greatly protects you from fire.
   It affects your magic capacity (+9).
 w - an uncursed ring of resist corrosion
   (You found it on level 4 of the Vaults)
 I - an uncursed ring of protection from cold {rC+, !d}
   (You found it on level 15 of the Dungeon)
 R - an uncursed ring of protection from magic {MR+, !d}
   (You found it on level 2 of the Vaults)
 S - the ring of Naah Dau (left hand) {rElec Int+5 Dex+5}
   (You found it on level 4 of the Spider Nest)

   [ring of dexterity]

   It affects your intelligence (+5).
   It affects your dexterity (+5).
   It insulates you from electricity.
 T - a +4 amulet of reflection (around neck)
   (You found it on level 4 of the Spider Nest)
 Z - the ring of Wonder {*Tele +Inv rF+ rN+ Int+3}
   (You found it on level 4 of the Shoals)

   [ring of teleportation]

   It may teleport you next to monsters.
   It affects your intelligence (+3).
   It protects you from fire.
   It protects you from negative energy.
   It lets you turn invisible.
Wands
 U - a wand of iceblast (28)
   (You found it on level 4 of the Spider Nest)
Scrolls
 e - 7 scrolls of immolation {!r}
 i - 20 scrolls of remove curse
 m - 3 scrolls of teleportation
 o - 8 scrolls of fog
 u - a scroll of brand weapon
 y - 4 scrolls of silence
 B - 3 scrolls of vulnerability {!r!r}
 K - 2 scrolls of blinking {!r}
 Q - 2 scrolls of magic mapping {!r}
Potions
 j - 9 potions of brilliance
 p - 9 potions of flight
 q - a potion of magic
 r - 3 potions of curing
 t - a potion of haste
 D - 3 potions of ambrosia
 F - a potion of might
 G - 2 potions of berserk rage {!q}
 V - 2 potions of cancellation
Miscellaneous
 f - a phial of floods
   (You found it on level 4 of the Vaults)
 A - a lightning rod (4/4)
   (You found it on level 5 of the Lair of Beasts)
 C - a crystal ball of energy
   (You found it on level 5 of the Lair of Beasts)
 H - 2 phantom mirrors
 J - a fan of gales
   (You found it on level 15 of the Dungeon)
 W - a sack of spiders
Comestibles
 d - 25 rations


   Skills:
 + Level 18.1 Fighting
 - Level 20.2 Bows
 - Level 2.1 Throwing
 + Level 11.2 Armour
 + Level 11.9 Dodging
   Level 9.4 Shields
 + Level 16.1 Unarmed Combat
 - Level 14.6 Invocations


You had 21 spell levels left.
You didn't know any spells.
Your spell library contained the following spells:

 Spells                   Type           Power        Failure   Level  Hunger
 Animate Skeleton         Necr           N/A          56%         1    ##.....
 Apportation              Tloc           #.....       56%         1    ##.....
 Confusing Touch          Hex            #.....       56%         1    ##.....
 Magic Dart               Conj           #...         56%         1    ##.....
 Sandblast                Erth           #.....       56%         1    ##.....
 Shock                    Conj/Air       #...         56%         1    ##.....
 Summon Butterflies       Summ           #.......     56%         1    ##.....
 Summon Small Mammal      Summ           #...         56%         1    ##.....
 Blink                    Tloc           N/A          71%         2    ###....
 Call Imp                 Summ           #.......     71%         2    ###....
 Corpse Rot               Necr           N/A          71%         2    ###....
 Passwall                 Tmut/Erth      #.......     71%         2    ###....
 Slow                     Hex            #.......     71%         2    ###....
 Sublimation of Blood     Necr           #.........   71%         2    ###....
 Swiftness                Chrm/Air       #.......     71%         2    ###....
 Confuse                  Hex            #.......     91%         3    ####...
 Conjure Flame            Conj/Fire      #.......     91%         3    ####...
 Gell's Gravitas          Tloc           #.........   91%         3    ####...
 Inner Flame              Hex/Fire       #.......     91%         3    ####...
 Mephitic Cloud           Conj/Pois/Air  #.......     91%         3    ####...
 Static Discharge         Conj/Air       #.......     91%         3    ####...
 Stone Arrow              Conj/Erth      #.....       91%         3    ####...
 Airstrike                Air            #.........   100%        4    #####..
 Cause Fear               Hex            #.........   100%        4    #####..
 Petrify                  Tmut/Erth      #.......     100%        4    #####..
 Summon Ice Beast         Ice/Summ       #.......     100%        4    #####..
 Agony                    Necr           #.......     100%        5    ######.
 Bolt of Draining         Conj/Necr      #.........   100%        5    ######.
 Bolt of Magma            Conj/Fire/Erth #.........   100%        5    ######.
 Dispel Undead            Necr           #.......     100%        5    ######.
 Excruciating Wounds      Chrm/Necr      #.........   100%        5    ######.
 Iskenderun's Battlesphe  Conj/Chrm      #.......     100%        5    ######.
 Lee's Rapid Deconstruct  Erth           #.........   100%        5    ######.
 Lightning Bolt           Conj/Air       #.........   100%        5    ######.
 Metabolic Englaciation   Hex/Ice        #.........   100%        5    ######.
 Silence                  Hex/Air        #.........   100%        5    ######.
 Venom Bolt               Conj/Pois      #.........   100%        5    ######.
 Yara's Violent Unravell  Hex/Tmut       #.........   100%        5    ######.
 Darkness                 Hex            #.........   100%        6    #######
 Deflect Missiles         Chrm/Air       #.........   100%        6    #######
 Invisibility             Hex            #.......     100%        6    #######
 Iron Shot                Conj/Erth      #.........   100%        6    #######
 Shadow Creatures         Summ           N/A          100%        6    #######
 Malign Gateway           Summ/Tloc      #.........   100%        7    #######
 Orb of Destruction       Conj           #.........   100%        7    #######
 Spellforged Servitor     Conj/Summ      #.........   100%        7    #######
 Discord                  Hex            #.........   100%        8    #######


Dungeon Overview and Level Annotations

Branches:
Dungeon (15/15)            Temple (0/1) D:5            Lair (6/6) D:9
 Shoals (4/4) Lair:3       Spider (4/4) Lair:2        Slime (0/5) Lair:6
    Orc (2/2) D:9             Elf (2/3) Orc:2        Vaults (5/5) D:13
  Crypt (0/3) Vaults:3     Depths (0/5) D:15

Altars:
Dithmenos
Fedhas
Kikubaaqudgha
Makhleb
Trog
Vehumet
Wu Jian
Xom
Yredelemnul
Zin
Jiyva

Shops:
D:9 [   Orc:2 %[!:   Vaults:1 [   Vaults:4 (*?[

Portals:
Pandemonium: Orc:2

Annotations:
D:3 exclusion: oklob plant
D:8 3 runed doors, Dissent's ghost, novice DrTm; Psyche
Lair:4 3 runed doors, Nafrigg's ghost, adept DrCj
Elf:2 2 runed doors
Vaults:3 3 runed doors, Woonno's ghost, legendary MfIE


Innate Abilities, Weirdness & Mutations

You have hooves in place of feet.
Armour fits poorly on your strangely shaped body.
You cover ground very quickly.
You have extremely tough skin. (AC +3)


Message History

The sphinx hits you but does no damage. x2; The sphinx hits you.
The ironheart preserver hits you but does no damage.
A redback comes into view.
A two-headed ogre comes into view. It is wielding two giant clubs.
The vault warden hits you with an enchanted battleaxe!
The ogre mage mumbles some strange words.
The ogre mage seems to speed up.
A phantasmal warrior comes into view.
You can move again.
Items here: ((( ) a bolt; a large rock {!d}; an arrow; a hand axe of distortion {!w} You take 110 damage, and have 67/202 hp.
MASSIVE DAMAGE!!
As you read the scroll of fear, it crumbles to dust.
You assume a fearsome visage.
The stone giant looks frightened!
The storm dragon looks frightened!
The sphinx resists with some effort.
The stone giant looks frightened!
The phantasmal warrior is unaffected.
The ancient lich is unaffected.
The phantasmal warrior is unaffected.
The stone giant looks frightened!
The deep elf mage resists with some effort.
The ancient lich is unaffected.
The vault warden looks frightened!
The titan resists with almost no effort.
The white very ugly thing looks frightened!
The war gargoyle is unaffected.
The yaktaur captain looks frightened!
The tarantella looks frightened!
The redback looks frightened! x2
The ironheart preserver looks frightened!
The ogre looks frightened!
The two-headed ogre looks frightened!
The vault warden looks frightened!
The ironbrand convoker looks frightened!
The ironheart preserver looks frightened! x2
The ogre mage easily resists.
The ogre looks frightened! x5
The orc knight looks frightened!
The deep elf mage looks frightened!
The deep elf mage casts a spell.
The deep elf mage blinks!
The ancient lich misses you. The sphinx barely misses you.
The sphinx misses you. You block the sphinx's attack.
The deep elf mage mumbles some strange words.
The deep elf mage blinks!
Unknown command.
Unknown command.
Okay, then.
Unknown command.
Your +9 longbow of flaming stops flaming.
You are now empty-handed.
The deep elf mage casts a spell.
The deep elf mage blinks!
The phantasmal warrior blinks!
The ancient lich touches you. The sphinx barely misses you.
The sphinx misses you. You block the sphinx's attack.
You take 3 damage, and have 64/202 hp.
An ettin comes into view.
It is wielding a dire flail and a great mace.
The ettin shouts in stereo!
The deep elf mage casts a spell.
The deep elf mage blinks!
A tengu reaver comes into view. It is wielding a battleaxe of venom.
An entropy weaver comes into view.
You punch the vault warden!
Your attack snaps the vault warden out of its fear.
You kick the vault warden. The phantasmal warrior hits you!
* * * LOW HITPOINT WARNING * * *
Your magical defenses are stripped away!
The deep elf mage mumbles some strange words.
The deep elf mage blinks!
The sphinx hits you!
* * * LOW HITPOINT WARNING * * *
The sphinx misses you. The sphinx barely misses you. The titan hits you!
* * * LOW HITPOINT WARNING * * *
An ettin comes into view.
It is wielding a dire flail of protection and a dire You block the vault warden's attack.
The phantasmal warrior blinks!
Unknown command.
You take 39 damage, and have 25/202 hp.
As you read the scroll of teleportation, it crumbles to dust.
You feel strangely unstable.
The stone giant shouts!
The deep elf mage gestures wildly while chanting.
The deep elf mage blinks!
The sphinx casts a spell.
You are confused.
The phantasmal warrior hits you but does no damage.
The titan misses you.
The ancient lich touches you but does no damage.
The ogre cowers, then darts away.
The ogre mage closely misses you. The vault warden barely misses you.
You miss the phantasmal warrior.
The orc shouts!
Your kick misses the phantasmal warrior.
The runic seals fade away.
The stone giant seems to regain its courage.
A storm dragon comes into view.
A two-headed ogre comes into view. It is wielding two giant clubs.
The ogre mage hits you but does no damage.
The sphinx mumbles some strange words.
You feel yourself slow down. The ancient lich casts a spell at you.
You feel haunted.
The phantasmal warrior closely misses you.
The titan hits you!!
You die...

. ....##....#.... #
#..p#O...#.OD. . #..p.....(...
##############p.......########
..........C.o....[§[(O.(.%....
.(C(.3(..oC.O(...<<[[.........
Q...............9[§<[[........
...............OLW<[[[(.......
##############WH@[L[..########
.C.C..CpW.[[...
.u...W#(...#..D.
####.a#.[e.#..###
....#.Q.O#..# s....#....#..#
####s #....# #s...#


You could see 2 ironheart preservers, a titan, 2 ancient liches, 2 storm
dragons, a white very ugly thing (fleeing), a sphinx, 2 stone giants, 2 vault
wardens, a tengu reaver, an entropy weaver, an orc knight (fleeing), 2 ettins, a
two-headed ogre, an ogre mage, a war gargoyle, 3 phantasmal warriors, a freezing
wraith, a deep elf mage, a tarantella (fleeing), a redback (fleeing), 4 ogres
and an orc.

Vanquished Creatures
  Rupert (D:14)
  A lich (Vaults:4)
  Gastronok (Lair:2)
  2 tengu reavers (Vaults:4)
  A sphinx (Vaults:1)
  Ilsuiw (Shoals:4)
  2 orc warlords
  4 frost giants
  2 ghost moths
  6 vault wardens
  The ghost of Eguckew the Spry, a journeyman OpNe of Kikubaaqudgha (Shoals:3)
  10 emperor scorpions
  Louise (Spider:1)
  11 ironheart preservers
  A stone giant (Vaults:4)
  2 entropy weavers
  2 war gargoyles
  10 very ugly things
  A deep elf demonologist (Vaults:5)
  Nessos (Lair:4)
  3 deep elf annihilators
  2 spark wasps
  3 ettins
  A deep elf death mage (Elf:1)
  4 merfolk javelineers
  7 merfolk impalers
  4 fire dragons
  Harold (D:7)
  6 yaktaur captains
  A great orb of eyes (Vaults:1)
  31 vault guards
  A rakshasa (Vaults:3)
  3 ice dragons
  An alligator snapping turtle (Shoals:4)
  9 hydras
  An anaconda (shapeshifter) (Vaults:1)
  5 merfolk avatars
  6 death knights
  5 death yaks
  8 ogre magi
  9 centaur warriors
  4 satyrs (Shoals:4)
  5 dancing weapons (Elf:1)
  25 two-headed ogres
  8 merfolk aquamancers
  8 death scarabs (Spider:4)
  5 orc high priests (Orc:2)
  4 tengu warriors
  5 deep elf knights
  A soul eater (Orc:2)
  Nergalle (Lair:4)
  Sonja (Lair:6)
  The ghost of Arum the Shield-Bearer, a novice FoFi of Okawaru (D:6)
  19 sea snakes
  3 skeletal warriors
  A spectral emperor scorpion (Spider:4)
  2 shadow wraiths
  10 deep trolls
  3 unseen horrors
  An infernal demonspawn (Orc:2)
  A flayed ghost (Vaults:3)
  A sixfirhy (Orc:2)
  Pikel (D:8)
  6 wizards
  3 glowing orange brains
  A torturous demonspawn (Orc:2)
  12 deep elf archers
  20 harpies
  47 deep elf magi
  4 necromancers
  18 ironbrand convokers
  A tengu zombie (Vaults:3)
  3 spectral wolf spiders (Spider:4)
  16 orc knights
  3 phantasmal warriors
  2 oklob plants (Shoals:3)
  9 orb spiders
  13 manticores
  10 orc sorcerers
  3 wolf spider zombies
  A tengu skeleton (Vaults:3)
  20 ugly things
  30 wolf spiders
  9 cyclopes
  19 fauns
  13 slime creatures
  13 vault sentinels
  12 merfolk sirens
  5 moths of wrath
  3 black mambas
  5 elephants
  2 naga magi
  Maurice (D:8)
  2 torpor snails (Lair:6)
  6 water nymphs
  A black mamba (shapeshifter) (Vaults:4)
  An orange demon (Orc:2)
  5 rime drakes
  22 spiny frogs
  3 spectral redbacks (Spider:4)
  2 gargoyles
  2 kobold demonologists
  11 komodo dragons
  A yaktaur zombie (Vaults:3)
  A redback zombie (Spider:4)
  10 freezing wraiths
  9 demonic crawlers
  16 yaktaurs
  7 trolls
  4 tengu conjurers
  5 wind drakes
  43 merfolk
  A hornet (shapeshifter) (Vaults:4)
  5 tyrant leeches (Lair:6)
  23 jumping spiders
  A spectral jumping spider (Spider:4)
  6 spectral tarantellas (Spider:4)
  13 hornets
  2 tarantella zombies (Spider:4)
  29 blink frogs
  A fire giant simulacrum (Vaults:2)
  A frost giant simulacrum (Vaults:2)
  A jumping spider zombie (Spider:4)
  9 snapping turtles
  20 hippogriffs
  75 redbacks
  Sigmund (D:3)
  41 tarantellas
  3 wraiths
  3 wyverns
  5 basilisks
  An ettin skeleton (Vaults:3)
  29 yaks
  A tarantella (shapeshifter) (Elf:1)
  A golden eye (shapeshifter) (Vaults:2)
  A ynoxinul (Orc:2)
  A fire bat (shapeshifter) (Vaults:3)
  7 water elementals
  A fire elemental (Elf:1)
  A vampire (D:12)
  3 hungry ghosts
  Grum (D:9)
  2 chaos spawn (Orc:2)
  A yaktaur simulacrum (Vaults:1)
  12 vampire mosquitoes
  3 human simulacra
  4 wargs
  2 soldier ants
  2 acid dragons
  A two-headed ogre zombie (D:11)
  14 water moccasins
  A floating eye (shapeshifter) (Vaults:1)
  4 slaves (D:8)
  16 porcupines
  A black bear (D:6)
  3 ice beasts
  42 orc warriors
  A sky beast (D:7)
  A phantom (D:5)
  An eye of draining (shapeshifter) (Vaults:3)
  A necrophage (D:7)
  31 ogres
  3 orc zombies (D:11)
  2 wolves (D:9)
  13 boggarts
  28 centaurs
  A crocodile (shapeshifter) (Vaults:1)
  13 crocodiles
  3 big kobolds
  33 bullfrogs
  2 elf zombies (D:7)
  2 earth elementals (Elf:1)
  2 wyvern skeletons
  14 scorpions
  4 killer bees (D:13)
  4 howler monkeys
  9 electric eels
  14 crimson imps
  5 centaur zombies
  3 bullfrog zombies
  A gnoll shaman (D:5)
  A bullfrog skeleton (D:7)
  15 orc wizards
  8 hounds
  4 jellies
  34 orc priests
  5 centaur skeletons
  5 human skeletons
  6 human zombies
  6 iguanas
  17 worker ants
  An ogre zombie (D:7)
  An ogre skeleton (D:7)
  2 hound zombies (D:6)
  A hound skeleton (D:4)
  2 mummies (D:7)
  18 gnolls
  A river rat (Sewer)
  12 adders
  A shadow imp (D:8)
  15 oozes
  An adder skeleton (D:7)
  5 worms
  8 dart slugs (D:7)
  7 leopard geckos
  106 orcs
  A ball python (D:5)
  A bat zombie (D:7)
  18 giant cockroaches
  32 goblins
  19 hobgoblins
  19 jackals
  5 quokkas
  2 bats
  10 frilled lizards
  21 kobolds
  12 rats
  2 rat zombies (D:7)
1747 creatures vanquished.

Vanquished Creatures (collateral kills)
  A deep elf elementalist (Vaults:5)
1 creature vanquished.

Vanquished Creatures (others)
  A satyr (Shoals:3)
  A deep elf archer (Elf:1)
  A faun (Shoals:1)
  A yaktaur (Shoals:2)
  2 water elementals
  A centaur (Shoals:3)
  An orc wizard (D:4)
  An orc (D:4)
  18 fungi
  A pillar of salt (Orc:2)
  89 plants
  12 toadstools (D:2)
129 creatures vanquished.

Grand Total: 1877 creatures vanquished

Notes
Turn   | Place    | Note
-------+----------+-------------------------------------------
     0 | D:1      | mhoghedin the Centaur Gladiator began the quest for the
                  | Orb.
     0 | D:1      | Reached XP level 1. HP: 17/17 MP: 1/1
     1 | D:1      | Found a runed door.
    35 | D:1      | Reached XP level 2. HP: 21/24 MP: 2/2
  1116 | D:1      | Reached XP level 3. HP: 30/30 MP: 3/3
  1182 | D:1      | Reached skill level 3 in Fighting
  1182 | D:1      | Reached XP level 4. HP: 25/38 MP: 4/4
  1429 | D:2      | Found a glowing silver altar of Zin.
  1429 | D:2      | Found an ornate altar of the Wu Jian Council.
  1544 | D:2      | Reached skill level 3 in Dodging
  1544 | D:2      | Reached skill level 4 in Unarmed Combat
  1546 | D:2      | Reached XP level 5. HP: 30/45 MP: 5/5
  2311 | D:2      | Became a worshipper of Zin the Law-Giver
  2444 | D:3      | Reached * piety under Zin
  2450 | D:3      | Noticed Sigmund
  2476 | D:3      | HP: 11/46 [something/puff of flame (14)]
  2878 | D:3      | Found a radiant altar of Vehumet.
  2879 | D:3      | Found a burning altar of Makhleb.
  2894 | D:3      | Reached XP level 6. HP: 37/52 MP: 6/6
  3155 | D:3      | Found a white marble altar of Elyvilon.
  3157 | D:3      | Found a deep blue altar of Sif Muna.
  3157 | D:3      | Found an ornate altar of the Wu Jian Council.
  3160 | D:3      | Found a radiant altar of Vehumet.
  3160 | D:3      | Found a hazy altar of Hepliaklqana.
  3160 | D:3      | Found a shimmering altar of Xom.
  3363 | D:3      | Killed Sigmund
  3363 | D:3      | Reached skill level 4 in Fighting
  3363 | D:3      | Reached skill level 1 in Invocations
  3464 | D:3      | Found a blossoming altar of Fedhas.
  3476 | D:3      | Noticed an oklob plant
  3828 | D:4      | Reached skill level 2 in Invocations
  3832 | D:4      | Got a brightly glowing robe
  3853 | D:4      | Reached skill level 5 in Unarmed Combat
  3861 | D:4      | Reached XP level 7. HP: 24/60 MP: 8/8
  4115 | D:4      | Reached ** piety under Zin
  4320 | D:4      | Reached skill level 4 in Dodging
  4320 | D:4      | Reached skill level 3 in Invocations
  4353 | D:4      | Found a bloodstained altar of Trog.
  4382 | D:4      | Identified the +0 robe of Gaxkyba {*Corrode Str+5 Dex+7}
                  | (You found it on level 4 of the Dungeon)
  4681 | D:4      | Reached skill level 5 in Fighting
  5135 | D:5      | Entered Level 5 of the Dungeon
  5168 | D:5      | Found a shadowy altar of Dithmenos.
  5503 | D:5      | Found a staircase to the Ecumenical Temple.
  5530 | D:5      | Reached XP level 8. HP: 53/68 MP: 10/10
  5557 | D:5      | Reached *** piety under Zin
  5878 | D:5      | Reached skill level 1 in Shields
  5878 | D:5      | Reached skill level 4 in Invocations
  5937 | D:5      | Reached skill level 6 in Unarmed Combat
  6351 | D:6      | Found a large runed door.
  6353 | D:6      | Found a large runed door.
  6365 | D:6      | Noticed Arum's ghost (novice FoFi)
  6425 | D:6      | Reached skill level 2 in Shields
  6441 | D:6      | Reached skill level 6 in Fighting
  6471 | D:6      | Found a glowing drain.
  6516 | Sewer    | Entered a sewer
  6678 | Sewer    | Reached skill level 5 in Invocations
  6694 | Sewer    | Found a glowing silver altar of Zin.
  6948 | D:6      | Reached **** piety under Zin
  7547 | D:6      | Killed Arum's ghost
  7547 | D:6      | Reached skill level 3 in Shields
  7547 | D:6      | Reached skill level 7 in Unarmed Combat
  7547 | D:6      | Reached XP level 9. HP: 55/78 MP: 10/13
  7689 | D:7      | HP: 15/78 [electric eel/bolt of electricity (11)]
  7690 | D:7      | HP: 7/78 [dart slug/slug dart (8)]
  7690 | D:7      | HP: 3/78 [bullfrog (4)]
  7743 | D:7      | Reached skill level 6 in Invocations
  8065 | D:7      | Reached skill level 7 in Fighting
  8399 | D:7      | Noticed Harold
  8675 | D:8      | Noticed Maurice
  8807 | D:8      | Killed Maurice
  8807 | D:8      | Reached skill level 4 in Shields
  8807 | D:8      | Reached skill level 8 in Unarmed Combat
  8850 | D:8      | Reached skill level 7 in Invocations
  8946 | D:8      | Noticed a two-headed ogre
  8970 | D:8      | Killed a two-headed ogre
  8970 | D:8      | Reached XP level 10. HP: 58/88 MP: 15/15
  9116 | D:8      | Found a runed gate.
  9116 | D:8      | Found a runed gate.
  9116 | D:8      | Found a runed gate.
  9116 | D:8      | Noticed Dissent's ghost (novice DrTm)
  9166 | D:8      | Noticed Pikel
  9490 | D:8      | Killed Pikel
  9490 | D:8      | Reached skill level 8 in Fighting
 10231 | D:8      | Noticed Psyche
 10394 | D:7      | Killed Harold
 10394 | D:7      | Reached skill level 5 in Shields
 10394 | D:7      | Reached skill level 8 in Invocations
 10492 | D:7      | Found an ancient bone altar of Kikubaaqudgha.
 10581 | D:7      | Found an ancient bone altar of Kikubaaqudgha.
 10597 | D:7      | Reached skill level 9 in Unarmed Combat
 11137 | D:9      | Found a staircase to the Lair.
 11137 | D:9      | Noticed an elephant
 11163 | D:8      | Killed an elephant
 11384 | D:9      | Reached XP level 11. HP: 75/95 MP: 17/17
 11387 | D:9      | Reached skill level 9 in Fighting
 11777 | D:9      | Found Udgheoba's Armour Shoppe.
 12266 | D:9      | Found a staircase to the Orcish Mines.
 12312 | D:9      | Noticed a two-headed ogre
 12351 | D:9      | Killed a two-headed ogre
 12351 | D:9      | Reached skill level 9 in Invocations
 12514 | D:9      | Noticed Grum
 12573 | D:9      | HP: 19/97 [wolf[Grum] (7)]
 12599 | D:9      | Killed Grum
 13305 | Lair:1   | Entered Level 1 of the Lair of Beasts
 13702 | Lair:1   | Reached skill level 6 in Shields
 13713 | Lair:1   | HP: 18/97 [yak (7)]
 14538 | Lair:1   | Reached skill level 10 in Unarmed Combat
 14906 | Lair:1   | Found a glowing silver altar of Zin.
 15054 | Lair:1   | Identified a scroll of acquirement
 15719 | Lair:2   | Found a hole to the Spider Nest.
 15736 | Lair:2   | Reached skill level 10 in Fighting
 15765 | Lair:2   | Reached skill level 10 in Invocations
 16862 | Lair:2   | Reached XP level 12. HP: 85/106 MP: 19/19
 17089 | Lair:2   | Noticed Gastronok
 17132 | Lair:2   | Killed Gastronok
 17337 | Lair:2   | Reached skill level 7 in Shields
 18113 | Lair:3   | Reached skill level 11 in Unarmed Combat
 18289 | Lair:3   | Reached skill level 11 in Invocations
 18410 | Lair:3   | Found a staircase to the Shoals.
 18450 | Lair:3   | Reached skill level 11 in Fighting
 18462 | Lair:3   | Identified the Disquisition on Augmentations and Summoning
 19590 | Lair:4   | Noticed Nergalle
 19593 | Lair:4   | Noticed Nessos
 19608 | Lair:4   | Killed Nergalle
 19609 | Lair:4   | HP: 19/110 [Nessos/arrow (29)]
 19609 | Lair:4   | HP: 8/110 [Nessos/arrow (11)]
 19627 | Lair:4   | Killed Nessos
 19867 | Lair:4   | Found a runed gate.
 19867 | Lair:4   | Found a runed gate.
 19867 | Lair:4   | Found a runed gate.
 19869 | Lair:4   | Noticed Nafrigg's ghost (adept DrCj)
 20006 | Lair:4   | Reached skill level 1 in Bows
 20335 | Lair:4   | Noticed a four-headed hydra
 20347 | Lair:4   | Reached skill level 2 in Bows
 20537 | Lair:4   | Reached skill level 3 in Bows
 20624 | Lair:4   | Killed a four-headed hydra
 20624 | Lair:4   | Reached skill level 4 in Bows
 20624 | Lair:4   | Reached XP level 13. HP: 83/116 MP: 21/21
 20837 | Lair:4   | Reached skill level 5 in Bows
 20937 | Lair:4   | Reached skill level 6 in Bows
 21225 | Lair:5   | Reached skill level 7 in Bows
 21669 | Lair:5   | Reached skill level 8 in Bows
 21900 | Lair:6   | Entered Level 6 of the Lair of Beasts
 22167 | Lair:6   | Reached skill level 9 in Bows
 22328 | Lair:6   | Reached skill level 10 in Bows
 22517 | Lair:6   | Reached skill level 11 in Bows
 22927 | Lair:6   | Reached skill level 12 in Bows
 23229 | Lair:6   | Reached skill level 13 in Bows
 23282 | Lair:6   | Noticed Sonja
 23334 | Lair:6   | Killed Sonja
 23779 | Lair:6   | Reached skill level 14 in Bows
 23942 | Lair:6   | Reached XP level 14. HP: 82/124 MP: 22/22
 24327 | Lair:6   | HP: 30/124 [tyrant leech (28)]
 24692 | Lair:6   | Reached skill level 15 in Bows
 25261 | Lair:6   | Found a viscous altar of Jiyva.
 25261 | Lair:6   | Found a staircase to the Slime Pits.
 25615 | D:10     | Entered Level 10 of the Dungeon
 26237 | D:11     | Reached skill level 16 in Bows
 26399 | D:11     | HP: 31/124 [skeletal warrior/mace[a death knight] (3)]
 26421 | D:10     | HP: 26/124 [skeletal warrior/mace[a death knight] (10)]
 26954 | D:11     | Reached skill level 17 in Bows
 27059 | D:11     | Found a transporter.
 27162 | D:11     | Found a transporter.
 27341 | D:11     | HP: 45/186 [two-headed ogre zombie/dire flail of venom
                  | (15)]
 27669 | D:11     | Got a warped quarterstaff
 27677 | D:11     | Reached ***** piety under Zin
 28759 | D:13     | Reached skill level 18 in Bows
 28772 | D:13     | Found a gate to the Vaults.
 28859 | D:13     | Found a flagged portal.
 28870 | Bailey   | Entered a bailey
 29191 | Bailey   | Noticed an orc warlord
 29215 | Bailey   | Killed an orc warlord
 29264 | Bailey   | Identified Geofihisch's Tome of Execration
 29317 | D:13     | Reached skill level 19 in Bows
 29317 | D:13     | Reached XP level 15. HP: 130/130 MP: 23/23
 29320 | D:13     | Reached skill level 12 in Fighting
 29320 | D:13     | Reached XP level 16. HP: 139/139 MP: 24/24
 29350 | D:13     | Reached skill level 20 in Bows
 29357 | D:13     | Got a scorched amber ring
 29358 | D:13     | Identified the ring "Qytsud" {rF++ MP+9} (You found it on
                  | level 13 of the Dungeon)
 29949 | D:13     | Reached skill level 1 in Armour
 30155 | D:14     | Reached XP level 17. HP: 87/146 MP: 25/25
 30504 | D:14     | Reached skill level 2 in Armour
 30594 | D:14     | Reached skill level 5 in Dodging
 30686 | D:14     | Noticed Rupert
 30689 | D:14     | Paralysed by Rupert for 7 turns
 30909 | D:14     | Paralysed by Rupert for 5 turns
 30945 | D:14     | Killed Rupert
 30945 | D:14     | Reached skill level 3 in Armour
 31267 | D:15     | Entered Level 15 of the Dungeon
 31699 | D:15     | Reached ****** piety under Zin
 31729 | D:15     | Found a staircase to the Depths.
 31878 | D:15     | Reached skill level 4 in Armour
 31879 | D:15     | Reached skill level 6 in Dodging
 31893 | D:15     | Reached skill level 13 in Fighting
 32420 | Orc:1    | Entered Level 1 of the Orcish Mines
 32484 | Orc:2    | Entered Level 2 of the Orcish Mines
 32579 | Orc:2    | Paralysed by an orc sorcerer for 5 turns
 32775 | Orc:2    | Found Ahoot's Distillery.
 32824 | Orc:2    | Found Kaxough's Food Boutique.
 32923 | Orc:2    | Found a staircase to the Elven Halls.
 33164 | Orc:2    | Paralysed by an orc sorcerer for 3 turns
 33547 | Orc:2    | Reached skill level 5 in Armour
 33552 | Orc:2    | Paralysed by an orc sorcerer for 2 turns
 33621 | Orc:2    | Found Jucaom Leto's Antique Armour Emporium.
 33621 | Orc:2    | Found Ablokave's Book Shoppe.
 33621 | Orc:2    | Found a one-way gate leading to the halls of Pandemonium.
 33830 | Spider:1 | Entered Level 1 of the Spider Nest
 33927 | Spider:1 | Noticed Louise
 33928 | Spider:1 | Reached skill level 7 in Dodging
 33936 | Spider:1 | Killed Louise
 34112 | Spider:1 | HP: 31/226 [wolf spider (33)]
 35053 | Spider:1 | Reached skill level 6 in Armour
 35279 | Spider:1 | Reached skill level 14 in Fighting
 36090 | Spider:2 | Reached XP level 18. HP: 160/160 MP: 26/26
 36263 | Spider:2 | HP: 30/160 [something (17)]
 36281 | Spider:2 | HP: 22/160 [redback (13)]
 37052 | Spider:2 | Reached skill level 8 in Dodging
 38409 | Spider:3 | Reached skill level 12 in Unarmed Combat
 39429 | Spider:4 | Entered Level 4 of the Spider Nest
 39753 | Spider:4 | Reached skill level 15 in Fighting
 40468 | Spider:4 | Reached skill level 7 in Armour
 40669 | Spider:4 | Got a pitted gossamer ring
 40672 | Spider:4 | Identified the +9 quarterstaff "Ezarip" {drain, +Blink rF+}
                  | (You found it on level 11 of the Dungeon)
 40676 | Spider:4 | Identified the ring of Naah Dau {rElec Int+5 Dex+5} (You
                  | found it on level 4 of the Spider Nest)
 41946 | Spider:4 | Got a gossamer rune of Zot
 42256 | Shoals:1 | Entered Level 1 of the Shoals
 42677 | Shoals:1 | Found a transporter.
 42741 | Shoals:1 | Reached skill level 9 in Dodging
 42752 | Shoals:1 | Found a transporter.
 42797 | Shoals:1 | HP: 35/166 [merfolk/trident of protection (17)]
 43346 | Lair:3   | Reached XP level 19. HP: 74/172 MP: 27/27
 43350 | Lair:3   | HP: 37/172 [merfolk impaler/trident of protection (8)]
 43353 | Lair:3   | HP: 12/172 [merfolk impaler/trident of protection (7)]
 43354 | Lair:3   | Zin protects you from harm!
 43359 | Lair:3   | HP: 33/172 [harpy (5)]
 44407 | Shoals:1 | Reached skill level 13 in Unarmed Combat
 45832 | Shoals:3 | Found a runed door.
 45858 | Shoals:2 | HP: 33/172 [sea snake (15)]
 45866 | Shoals:2 | HP: 17/172 [sea snake (11)]
 45869 | Shoals:2 | HP: 6/172 [sea snake (13)]
 45872 | Shoals:2 | Reached skill level 14 in Unarmed Combat
 46338 | Shoals:3 | Noticed Eguckew's ghost (journeyman OpNe)
 46737 | Shoals:3 | Reached skill level 8 in Shields
 46747 | Shoals:3 | Killed Eguckew's ghost
 47086 | Shoals:4 | Entered Level 4 of the Shoals
 47086 | Shoals:4 | Noticed Ilsuiw
 47442 | Shoals:4 | Killed Ilsuiw
 49008 | Shoals:4 | HP: 42/172 [harpy (3)]
 49020 | Shoals:4 | HP: 34/172 [merfolk aquamancer/ball of steam (10)]
 49395 | Shoals:3 | Upgraded the game from 0.23-a0-301-g9da9e51 to
                  | 0.23-a0-303-gfcac5de
 49628 | Shoals:3 | HP: 28/172 [merfolk/glaive (24)]
 50355 | Orc:2    | Bought a glowing scale mail for 210 gold pieces
 50411 | Elf:1    | Entered Level 1 of the Elven Halls
 50507 | Elf:1    | Reached skill level 15 in Unarmed Combat
 50599 | Elf:1    | Reached skill level 9 in Shields
 51814 | Elf:1    | You fall through a shaft!
 51814 | Elf:2    | Found a runed gate.
 51814 | Elf:2    | Found a runed gate.
 52090 | Elf:1    | Reached skill level 8 in Armour
 52859 | Shoals:3 | HP: 40/172 [harpy (9)]
 53271 | Shoals:3 | Reached XP level 20. HP: 123/180 MP: 28/28
 54177 | Shoals:4 | Reached skill level 16 in Fighting
 54291 | Shoals:4 | Got an ancient scale mail
 54449 | Shoals:4 | Reached skill level 12 in Invocations
 54897 | Shoals:4 | Got a barnacled rune of Zot
 54935 | Shoals:4 | Identified the +1 lajatang "Gaasaluxi" {vamp, *Noise +Blink
                  | Dex+3} (You found it on level 4 of the Shoals)
 55010 | Shoals:4 | Got a pitted iron ring
 55011 | Shoals:4 | Identified the +8 scale mail of Trog's Reproof {rF+ Dex+4}
                  | (You took it off a merfolk on level 4 of the Shoals)
 55012 | Shoals:4 | Identified the ring of Wonder {*Tele +Inv rF+ rN+ Int+3}
                  | (You found it on level 4 of the Shoals)
 55302 | Vaults:1 | Entered Level 1 of the Vaults
 55839 | Shoals:1 | Got a faintly glowing lapis lazuli ring
 55843 | Shoals:1 | Identified the ring "Xagon" {rElec Stlth-} (You found it on
                  | level 1 of the Shoals)
 56771 | Vaults:1 | Found Feteheak's Armour Shop.
 57119 | Vaults:1 | Reached skill level 9 in Armour
 57126 | Vaults:1 | Reached skill level 10 in Dodging
 57164 | Vaults:1 | HP: 43/182 [orc knight/war axe (9)]
 57182 | Vaults:1 | HP: 38/182 [orc priest/divine providence[an orc knight]
                  | (10)]
 57571 | Vaults:1 | Got a translucent hand axe {freeze}
 57587 | Vaults:1 | Identified the cursed +1 hand axe of Wrongful Imprisonment
                  | {freeze, rPois rN+ Str+4 Int-3} (You took it off a centaur
                  | on level 1 of the Vaults)
 58319 | Vaults:1 | Reached skill level 13 in Invocations
 59408 | Vaults:2 | HP: 43/182 [wolf spider (11)]
 59413 | Vaults:2 | HP: 26/182 [poisoned by a wolf spider]
 59418 | Vaults:2 | HP: 22/182 [poisoned by a wolf spider]
 59423 | Vaults:2 | HP: 19/182 [poisoned by a wolf spider]
 59429 | Vaults:2 | HP: 18/182 [poisoned by a wolf spider]
 59436 | Vaults:2 | HP: 18/182 [poisoned by a wolf spider]
 59443 | Vaults:2 | HP: 18/182 [poisoned by a wolf spider]
 59451 | Vaults:2 | HP: 20/182 [poisoned by a wolf spider]
 60132 | Vaults:2 | Reached XP level 21. HP: 190/190 MP: 31/31
 60182 | Vaults:2 | Reached skill level 16 in Unarmed Combat
 61023 | Vaults:2 | Reached skill level 17 in Fighting
 61090 | Vaults:2 | Got a spiked scale mail
 61093 | Vaults:2 | Identified the +2 scale mail of Lugonu's Esteem {-Cast
                  | rN+++ SInv Stlth+} (You found it on level 2 of the Vaults)
 61285 | Vaults:2 | Got a warped leather armour
 61368 | Vaults:2 | Identified the +3 leather armour "Linegan" {MR+} (You found
                  | it on level 2 of the Vaults)
 61622 | Vaults:3 | Reached skill level 10 in Armour
 61855 | Vaults:3 | Got a dazzling helmet
 61880 | Vaults:3 | Identified the +1 helmet of Summertime {*Contam rC+ SInv}
                  | (You found it on level 3 of the Vaults)
 61901 | Vaults:3 | Found a staircase to the Crypt.
 61901 | Vaults:3 | Found a basalt altar of Yredelemnul.
 61902 | Vaults:3 | Found an ancient bone altar of Kikubaaqudgha.
 62275 | Vaults:3 | Reached skill level 11 in Dodging
 62416 | Vaults:3 | Found a shimmering altar of Xom.
 62582 | Vaults:3 | Noticed Woonno's ghost (legendary MfIE)
 62583 | Vaults:3 | Found a runed gate.
 62583 | Vaults:3 | Found a runed gate.
 62583 | Vaults:3 | Found a runed gate.
 63176 | Vaults:4 | Found Yshug's Magic Scroll Shop.
 63532 | Vaults:4 | Found Lott's Antique Weapon Emporium.
 63532 | Vaults:4 | Found Sota Zitt's General Store.
 64429 | Vaults:4 | Reached skill level 14 in Invocations
 64509 | Vaults:4 | Bought a scroll of magic mapping for 49 gold pieces
 64509 | Vaults:4 | Bought a scroll of enchant armour for 105 gold pieces
 64509 | Vaults:4 | Bought a scroll of teleportation for 42 gold pieces
 64509 | Vaults:4 | Bought 3 scrolls of silence for 315 gold pieces
 64509 | Vaults:4 | Bought a scroll of summoning for 133 gold pieces
 64509 | Vaults:4 | Bought a scroll of fog for 28 gold pieces
 64509 | Vaults:4 | Bought a scroll of teleportation for 42 gold pieces
 64531 | Vaults:4 | Got a thick robe
 64581 | Vaults:4 | Identified the cursed +1 robe of Unitzu {rPois rC+ Str-3
                  | Int+5} (You took it off a deep elf archer on level 4 of the
                  | Vaults)
 64849 | Vaults:4 | Found Caddov's Armour Shop.
 65164 | Vaults:4 | Found a radiant altar of Vehumet.
 65188 | Vaults:4 | Got a smoking hat
 65249 | Vaults:5 | Entered Level 5 of the Vaults
 65259 | Vaults:5 | Reached XP level 22. HP: 172/201 MP: 32/32
 65259 | Vaults:5 | Reached skill level 18 in Fighting
 65259 | Vaults:5 | Reached skill level 11 in Armour
 65785 | Vaults:5 | Noticed an ancient lich
 66071 | Vaults:5 | HP: 42/202 [stone giant (18)]
 66094 | Vaults:5 | HP: 50/202 [war gargoyle/spray of metal splinters (24)]
 66101 | Vaults:5 | HP: 50/202 [ice dragon/blast of cold (2)]
 66531 | Vaults:5 | Paralysed by a sphinx for 5 turns
 66535 | Vaults:5 | Noticed an ancient lich
 66540 | Vaults:5 | HP: 41/202 [sphinx (14)]
 66542 | Vaults:5 | Slain by a titan

Vault maps used:
D:1:      dpeg_arrival_caged_fury, minmay_distorted
D:2:      cheibrodos_fertilizer, grunt_temple_overflow_open, minivault_5
D:3:      grunt_temple_overflow_lords_of_destruction, doesnt_xom_only_xom,
          first_ration, tgw_fedhas, uniq_sigmund
D:4:      trog_book
D:5:      temple_fountains, serial_co_window_serial, co_window_corner_a,
          co_window_corner_a, co_window_paths_a, co_window_of_opportunity_a,
          co_window_of_opportunity_a, co_window_2corner,
          co_window_of_opportunity_b, co_window_2corner, co_window_2corner,
          co_window_sun, co_window_4corner_a, glass_columns_a, glass_columns_c,
          glass_columns_a, glass_columns_a, nicolae_dithmenos_the_darkroom
D:6:      gup_sewer_entry_glass, ebering_ghost_disaster_area, minmay_lizard_king
D:7:      kennysheep_slugbush, lemuel_zombie_altar_kikubaaqudgha,
          lemuel_mausoleum_altar_kikubaaqudgha, uniq_harold
D:8:      gammafunk_ghost_spectres, serial_bayou, serial_bayou_lake_a,
          serial_bayou_pond_b, serial_bayou_pond_e, serial_bayou_pond_e,
          uniq_psyche, uniq_maurice, uniq_pikel
D:9:      david_lair_generic, hiddenorc2_lemuel, serial_shops, shop, uniq_grum
D:11:     gammafunk_cloud_chamber, hangedman_pestilent_swarm
D:13:     minmay_wavy_crystal, david_vaults_1, enter_bailey_2
D:14:     uniq_rupert
D:15:     grunt_enter_depths_magical_seal, hangedman_decor_opposing,
          dk_noncrumbling_4
Lair:1:   lemuel_centaur_altar
Lair:2:   nicolae_spider_entry_non_spiders, beast_lair_carwin_11,
          serial_bayou_shore_b, uniq_gastronok
Lair:3:   elwin_shoals_entry_stream, st_stairs_11
Lair:4:   cheibrodos_lair_overgrown_chateau, ebering_ghost_rock_garden,
          uniq_nessos, uniq_nergalle
Lair:6:   minmay_lair_end_frog_pond, dpeg_slime_entry_enclosed_altar,
          st_stairs_9, uniq_sonja
Shoals:1: gammafunk_the_bubble, portal_ice_cave_entry_pillars_1, abandoned_shop
Shoals:2: yaktaur_hedge
Shoals:3: ebering_ghost_inner_flame, nicolae_shoals_this_corrosion
Shoals:4: shoals_end_hangedman, shoal_ilsuiw
Spider:1: spiders_nest_scorpion_pit, uniq_louise
Spider:3: spider_trap
Spider:4: floodkiller_spider_rune_tomb
Orc:1:    ebering_ghost_xom, uniq_fannar, uniq_erolcha, uniq_josephine
Orc:2:    pf_orc_diabolical
Elf:1:    eino_elf_arrival_customs, hangedman_elven_crosses_minicolossus,
          elves_outpost_lemuel
Vaults:1: vaults_room_ringed_pool, v_rooms_4, v_rooms_5, vaults_room_pools,
          hangedman_vaults_restitches, v_misc_33, vaults_room_stairs_pillars,
          st_check, vaults_room_pool, v_pattern_3, ontoclasm_vaults_gateway,
          ontoclasm_vaults_fault, serial_shops, shop
Vaults:2: ontoclasm_vaults_pinch, ontoclasm_vaults_hangar, vaults_dpeg_hooks,
          nicolae_vaults_lopsided_apartments, vaults_dpeg_doors,
          ontoclasm_vaults_chip, nicolae_vaults_little_squares_3,
          hangedman_vaults_trim, nicolae_vaults_bisected_slash,
          vaults_mumra_minichess_inversion, vaults_room_door_ring,
          nicolae_vaults_gold_heap, ontoclasm_vaults_chip, nicolae_vaults_theta,
          nicolae_vaults_mini_display_case
Vaults:3: gammafunk_vaults_ghost_split, vaults_room_grunt_arrival_checkpoint,
          minmay_crypt_entry_necro_gods, ontoclasm_vaults_bender,
          hangedman_vaults_trim, vaults_room_corners, v_misc_9,
          grunt_vaults_diagonal, basic_altar
Vaults:4: vaults_dpeg_diagonal, hangedman_vaults_snaps, hangedman_vaults_pinch,
          nicolae_vaults_asterisk, hangedman_vaults_restitches,
          vaults_dpeg_encased_lava, grunt_tower_of_power,
          ontoclasm_vaults_tryst, ontoclasm_vaults_twist, hangedman_vaults_maws,
          v_rooms_2, vaults_room_fancy_cross, v_rooms_1, serial_shops,
          nicolae_shop_behind_doors, nicolae_shop_statue_plus, shop, shop
Vaults:5: serial_shops
Sewer:    sewer_kobolds
Bailey:   bailey_axe_minmay_hex_keep, bailey

Skill      XL: |  1  2  3  4  5  6  7  8  9 10 11 12 13 14 15 16 17 18 19 20 21 22 |
---------------+-------------------------------------------------------------------+-----
Fighting       | 3 4 5 6 7 8 10 11 12 14 15 16 17 18 | 18.1
Dodging        | 3 4 7 9 10 11 | 11.9
Unarmed Combat | 4 5 7 8 9 10 11 12 15 16 | 16.1
Invocations    | 2 3 5 7 8 10 11 13 14 | 14.6
Shields        | 3 4 5 6 7 9 |  9.4
Bows           | 4 14 19 20 | 20.2
Armour         | 1 6 7 8 9 10 11 | 11.2
Throwing       | |  2.1

Action                   |  1- 3 |  4- 6 |  7- 9 | 10-12 | 13-15 | 16-18 | 19-21 | 22-24 || total
-------------------------+-------+-------+-------+-------+-------+-------+-------+-------++-------
Melee: Unarmed           |    89 |   168 |   369 |   709 |    91 |   104 |  1113 |    45 ||  2688
       Kick              |    25 |    38 |   161 |   350 |    42 |    63 |   590 |    22 ||  1291
       Punch             |       |     3 |     4 |       |    11 |     8 |    28 |     7 ||    61
 Fire: Longbow           |       |       |       |    40 |   646 |  1210 |  1085 |    17 ||  2998
Invok: Recite            |       |     1 |     7 |    14 |       |     6 |    25 |     3 ||    56
       Vitalisation      |       |       |     4 |     9 |     3 |     9 |    18 |     3 ||    46
       Imprison          |       |       |     1 |     3 |     2 |     1 |     2 |     2 ||    11
       Sanctuary         |       |       |       |       |       |     1 |       |       ||     1
Evoke: Wand              |       |    13 |    21 |    12 |       |       |    13 |       ||    59
       Sack of spiders   |       |       |       |       |       |       |     5 |       ||     5
       Lightning rod     |       |       |       |       |       |       |     1 |       ||     1
  Use: Potion            |       |     2 |     5 |    14 |     5 |     4 |    14 |     4 ||    48
       Scroll            |       |       |    13 |    13 |    15 |    12 |    23 |     6 ||    82
 Stab: Confused          |       |       |     2 |     1 |       |       |    12 |     2 ||    17
       Distracted        |       |       |     2 |       |       |       |     2 |       ||     4
       Paralysed         |       |       |       |     2 |       |       |     5 |       ||     7
       Sleeping          |       |       |       |     2 |       |       |     1 |       ||     3
       Invisible         |       |       |       |     3 |       |     4 |     1 |       ||     8
  Eat: Chunk             |       |     1 |    11 |    15 |     2 |     4 |       |       ||    33
       Ration            |       |     2 |     2 |     5 |     6 |     9 |    18 |     2 ||    44
Armor: Leather armour    |    27 |    26 |     5 |       |       |       |    40 |       ||    98
       Robe              |       |       |    48 |    94 |    98 |   236 |   152 |       ||   628
       Scale mail        |       |       |       |       |       |       |   298 |    51 ||   349
Dodge: Dodged            |    33 |    65 |   112 |   234 |   139 |   368 |   734 |    67 ||  1752
Block: Shield            |       |       |   108 |   362 |       |       |   875 |       ||  1345
       Reflection        |       |       |       |       |       |       |   119 |     1 ||   120
       Other             |       |       |       |       |       |       |    69 |    15 ||    84

Table legend:
 A = Non-vault XP
 B = Vault XP
 C = Vault XP percentage of total XP
 D = Non-vault monster count
 E = Vault monster count
 F = Vault count percentage of total count
                 A         B        C        D         E       F
            +---------+---------+-------+---------+---------+-------
      Total |  364288 |  270862 |  42.6 |    1041 |     711 |  40.6
            +---------+---------+-------+---------+---------+-------
        D:1 |      28 |      82 |  74.5 |      17 |      22 |  56.4
        D:2 |      66 |     154 |  70.0 |      12 |      16 |  57.1
        D:3 |      80 |     269 |  77.1 |      16 |       2 |  11.1
        D:4 |     610 |       0 |   0.0 |      22 |       0 |   0.0
        D:5 |     590 |       0 |   0.0 |      23 |       0 |   0.0
        D:6 |     541 |     868 |  61.6 |      18 |      12 |  40.0
        D:7 |     839 |    1706 |  67.0 |      26 |      24 |  48.0
        D:8 |    2477 |    1806 |  42.2 |      26 |       4 |  13.3
        D:9 |    2311 |    1531 |  39.8 |      28 |      38 |  57.6
       D:10 |    1731 |       0 |   0.0 |      18 |       0 |   0.0
       D:11 |    7517 |    1637 |  17.9 |      20 |      10 |  33.3
       D:12 |    3723 |       0 |   0.0 |      19 |       0 |   0.0
       D:13 |    4463 |    5953 |  57.2 |      18 |       9 |  33.3
       D:14 |   12954 |    2900 |  18.3 |      44 |       1 |   2.2
       D:15 |   12477 |    5214 |  29.5 |      32 |       9 |  22.0
     Lair:1 |    4670 |     466 |   9.1 |      23 |       4 |  14.8
     Lair:2 |    3751 |    3239 |  46.3 |      18 |      12 |  40.0
     Lair:3 |    8565 |    1904 |  18.2 |      27 |       6 |  18.2
     Lair:4 |    3089 |    6057 |  66.2 |      12 |      18 |  60.0
     Lair:5 |    4363 |     549 |  11.2 |      13 |       3 |  18.8
     Lair:6 |   14326 |   14526 |  50.3 |      35 |      54 |  60.7
   Shoals:1 |   18061 |    9194 |  33.7 |      38 |      18 |  32.1
   Shoals:2 |    8130 |     382 |   4.5 |      17 |       1 |   5.6
   Shoals:3 |   19020 |   12254 |  39.2 |      34 |      18 |  34.6
   Shoals:4 |   15254 |   17409 |  53.3 |      33 |      27 |  45.0
   Spider:1 |   12159 |   10644 |  46.7 |      36 |      23 |  39.0
   Spider:2 |   13250 |       0 |   0.0 |      37 |       0 |   0.0
   Spider:3 |   19365 |       0 |   0.0 |      57 |       0 |   0.0
   Spider:4 |    6625 |   38598 |  85.4 |      20 |      71 |  78.0
      Orc:2 |    2950 |   16480 |  84.8 |      26 |      63 |  70.8
      Elf:1 |   15472 |   18187 |  54.0 |      30 |      29 |  49.2
   Vaults:1 |   40343 |   17763 |  30.6 |      67 |      35 |  34.3
   Vaults:2 |   29670 |   22026 |  42.6 |      42 |      37 |  46.8
   Vaults:3 |   25345 |    5734 |  18.4 |      54 |       7 |  11.5
   Vaults:4 |   40426 |   23445 |  36.7 |      67 |      35 |  34.3
   Vaults:5 |    9047 |   26012 |  74.2 |      16 |      26 |  61.9
      Sewer |       0 |     122 | 100.0 |       0 |       8 | 100.0
     Bailey |       0 |    3751 | 100.0 |       0 |      69 | 100.0
            +---------+---------+-------+---------+---------+-------

Vault maps used:
D:1:      dpeg_arrival_caged_fury, minmay_distorted
D:2:      cheibrodos_fertilizer, grunt_temple_overflow_open, minivault_5
D:3:      grunt_temple_overflow_lords_of_destruction, doesnt_xom_only_xom,
          first_ration, tgw_fedhas, uniq_sigmund
D:4:      trog_book
D:5:      temple_fountains, serial_co_window_serial, co_window_corner_a,
          co_window_corner_a, co_window_paths_a, co_window_of_opportunity_a,
          co_window_of_opportunity_a, co_window_2corner,
          co_window_of_opportunity_b, co_window_2corner, co_window_2corner,
          co_window_sun, co_window_4corner_a, glass_columns_a, glass_columns_c,
          glass_columns_a, glass_columns_a, nicolae_dithmenos_the_darkroom
D:6:      gup_sewer_entry_glass, ebering_ghost_disaster_area, minmay_lizard_king
D:7:      kennysheep_slugbush, lemuel_zombie_altar_kikubaaqudgha,
          lemuel_mausoleum_altar_kikubaaqudgha, uniq_harold
D:8:      gammafunk_ghost_spectres, serial_bayou, serial_bayou_lake_a,
          serial_bayou_pond_b, serial_bayou_pond_e, serial_bayou_pond_e,
          uniq_psyche, uniq_maurice, uniq_pikel
D:9:      david_lair_generic, hiddenorc2_lemuel, serial_shops, shop, uniq_grum
D:11:     gammafunk_cloud_chamber, hangedman_pestilent_swarm
D:13:     minmay_wavy_crystal, david_vaults_1, enter_bailey_2
D:14:     uniq_rupert
D:15:     grunt_enter_depths_magical_seal, hangedman_decor_opposing,
          dk_noncrumbling_4
Lair:1:   lemuel_centaur_altar
Lair:2:   nicolae_spider_entry_non_spiders, beast_lair_carwin_11,
          serial_bayou_shore_b, uniq_gastronok
Lair:3:   elwin_shoals_entry_stream, st_stairs_11
Lair:4:   cheibrodos_lair_overgrown_chateau, ebering_ghost_rock_garden,
          uniq_nessos, uniq_nergalle
Lair:6:   minmay_lair_end_frog_pond, dpeg_slime_entry_enclosed_altar,
          st_stairs_9, uniq_sonja
Shoals:1: gammafunk_the_bubble, portal_ice_cave_entry_pillars_1, abandoned_shop
Shoals:2: yaktaur_hedge
Shoals:3: ebering_ghost_inner_flame, nicolae_shoals_this_corrosion
Shoals:4: shoals_end_hangedman, shoal_ilsuiw
Spider:1: spiders_nest_scorpion_pit, uniq_louise
Spider:3: spider_trap
Spider:4: floodkiller_spider_rune_tomb
Orc:1:    ebering_ghost_xom, uniq_fannar, uniq_erolcha, uniq_josephine
Orc:2:    pf_orc_diabolical
Elf:1:    eino_elf_arrival_customs, hangedman_elven_crosses_minicolossus,
          elves_outpost_lemuel
Vaults:1: vaults_room_ringed_pool, v_rooms_4, v_rooms_5, vaults_room_pools,
          hangedman_vaults_restitches, v_misc_33, vaults_room_stairs_pillars,
          st_check, vaults_room_pool, v_pattern_3, ontoclasm_vaults_gateway,
          ontoclasm_vaults_fault, serial_shops, shop
Vaults:2: ontoclasm_vaults_pinch, ontoclasm_vaults_hangar, vaults_dpeg_hooks,
          nicolae_vaults_lopsided_apartments, vaults_dpeg_doors,
          ontoclasm_vaults_chip, nicolae_vaults_little_squares_3,
          hangedman_vaults_trim, nicolae_vaults_bisected_slash,
          vaults_mumra_minichess_inversion, vaults_room_door_ring,
          nicolae_vaults_gold_heap, ontoclasm_vaults_chip, nicolae_vaults_theta,
          nicolae_vaults_mini_display_case
Vaults:3: gammafunk_vaults_ghost_split, vaults_room_grunt_arrival_checkpoint,
          minmay_crypt_entry_necro_gods, ontoclasm_vaults_bender,
          hangedman_vaults_trim, vaults_room_corners, v_misc_9,
          grunt_vaults_diagonal, basic_altar
Vaults:4: vaults_dpeg_diagonal, hangedman_vaults_snaps, hangedman_vaults_pinch,
          nicolae_vaults_asterisk, hangedman_vaults_restitches,
          vaults_dpeg_encased_lava, grunt_tower_of_power,
          ontoclasm_vaults_tryst, ontoclasm_vaults_twist, hangedman_vaults_maws,
          v_rooms_2, vaults_room_fancy_cross, v_rooms_1, serial_shops,
          nicolae_shop_behind_doors, nicolae_shop_statue_plus, shop, shop
Vaults:5: serial_shops
Sewer:    sewer_kobolds
Bailey:   bailey_axe_minmay_hex_keep, bailey

Table legend:
 A = Turns spent in this place as a percentage of turns spent in the entire game.
 B = Non-inter-level travel turns spent in this place as a percentage of non-inter-level travel turns spent in the entire game.
 C = Inter-level travel turns spent in this place as a percentage of turns spent in this place.
 D = Turns resting spent in this place as a percentage of non-inter-level travel turns spent in this place.
 E = Turns spent auto-exploring this place as a percentage of non-inter-level travel turns spent in this place.
 F = Non-inter-level travel turns spent in this place divided by the number of levels of this place that you've seen.
                   A       B       C       D       E      F
               +-------+-------+-------+-------+-------+----------------------
         Total | 100.0 | 100.0 |   5.4 |  39.2 |  40.6 | 1573.9
       Dungeon |  30.1 |  29.8 |   6.4 |  26.6 |  54.7 | 1251.6
          Lair |  22.1 |  21.8 |   6.6 |  48.4 |  35.3 | 2290.2
        Shoals |  13.9 |  13.8 |   5.7 |  54.8 |  22.0 | 2178.8
   Spider Nest |  11.9 |  12.2 |   3.6 |  39.1 |  44.2 | 1912.8
  Orcish Mines |   2.8 |   2.5 |  16.1 |  32.1 |  44.6 | 784.0
   Elven Halls |   2.9 |   3.1 |   0.0 |  45.1 |  14.2 | 977.0
        Vaults |  15.1 |  15.7 |   2.1 |  38.5 |  39.7 | 1973.4
         Sewer |   0.4 |   0.4 |   0.0 |  31.6 |  36.0 | 247.0
        Bailey |   0.7 |   0.7 |   0.0 |   0.0 |  38.2 | 440.0
               +-------+-------+-------+-------+-------+----------------------

Table legend:
 A = Kills in this place as a percentage of kills in entire the game.
 B = Kills by you in this place as a percentage of kills by you in the entire game.
 C = Kills by friends in this place as a percentage of kills by friends in the entire game.
 D = Other kills in this place as a percentage of other kills in the entire game.
 E = Experience gained in this place as a percentage of experience gained in the entire game.
 F = Experience gained in this place divided by the number of levels of this place that you have seen.
                   A       B       C       D       E      F
               +-------+-------+-------+-------+-------+----------------------
         Total | 100.0 | 100.0 | 100.0 | 100.0 | 100.0 | 15878.8
       Dungeon |  27.7 |  27.8 |   0.0 |  15.4 |  11.4 | 4835.1
          Lair |  12.8 |  12.9 |   0.0 |   0.0 |  10.3 | 10917.5
        Shoals |  10.6 |  10.4 |   0.0 |  38.5 |  15.7 | 24926.0
   Spider Nest |  13.9 |  14.0 |   0.0 |   0.0 |  15.8 | 25160.2
  Orcish Mines |   5.1 |   5.1 |   0.0 |   0.0 |   3.1 | 9715.0
   Elven Halls |   3.4 |   3.3 |   0.0 |  15.4 |   5.3 | 16829.5
        Vaults |  22.0 |  21.9 | 100.0 |  30.8 |  37.8 | 47962.2
         Sewer |   0.5 |   0.5 |   0.0 |   0.0 |   0.0 | 122.0
        Bailey |   3.9 |   4.0 |   0.0 |   0.0 |   0.6 | 3751.0
               +-------+-------+-------+-------+-------+----------------------
